 Dungeon Crawl Stone Soup version 0.30-a0-374-g95c0257040 (webtiles) character file.

Game seed: 7441380637741934928

125 p00ps00p the Trooper (level 5, -1/47 HPs)
             Began as a Hill Orc Fighter on Nov 26, 2022.
             Succumbed to Crazy Yiuf's poison
             ... on level 3 of the Dungeon.
             The game lasted 00:03:18 (2247 turns).

p00ps00p the Trooper (Hill Orc Fighter)             Turns: 2247, Time: 00:03:18

Health: -1/47      AC: 13    Str: 21    XL:     5   Next: 9%
Magic:  5/5        EV:  9    Int:  8    God:
Gold:   124        SH:  4    Dex: 10    Spells: 4/4 levels left

rFire   . . .      SeeInvis .    a - +2 war axe
rCold   . . .      Faith    .    c - +0 buckler
rNeg    . . .      Spirit   .    b - +0 scale mail
rPois   .          Reflect  .    h - +1 helmet
rElec   .          Harm     .    (no cloak)
rCorr   .          Rampage  .    (no gloves)
Will    .....                    (no boots)
Stlth   ..........               (no amulet)
HPRegen 0.27/turn                f - +4 ring of protection
MPRegen 0.09/turn                (no ring)

@: lethally poisoned (-1 -> -6), on berserk cooldown, slowed, very slow
A: no striking features
a: no special abilities


You were on level 3 of the Dungeon.
You visited 1 branch of the dungeon, and saw 3 of its levels.

You collected 124 gold pieces.

Inventory:

Hand Weapons
 a - a +2 war axe (weapon)
Armour
 b - a +0 scale mail (worn)
 c - a +0 buckler (worn)
 h - a +1 helmet (worn)
 m - a +0 cloak
Jewellery
 f - a +4 ring of protection (left hand)
 j - a ring of wizardry
Scrolls
 q - 2 scrolls of poison
Potions
 d - 3 potions of might
 e - a potion of heal wounds {unknown}
 g - 2 potions of degeneration {unknown}
 i - a potion of curing {unknown}
 k - 2 potions of lignification {unknown}
 l - a potion of haste {unknown}
 p - a potion of magic {unknown}


   Skills:
 + Level 4.6 Fighting
 + Level 4.0 Axes
 + Level 4.1 Armour
 + Level 4.2 Shields


You had 4 spell levels left.
You didn't know any spells.
Your spell library was empty.

Dungeon Overview and Level Annotations

Branches:
Dungeon (3/15)

Altars:
Elyvilon

Shops:
D:2 (   D:3 :


Message History

Crazy Yiuf is heavily wounded.
You feel very sick.
Crazy Yiuf hits you with a +2 quarterstaff of chaos!
You are lethally poisoned!
You slice Crazy Yiuf!!
You kill Crazy Yiuf!
You feel very sick.
Your Axes skill increases to level 4!
You have reached level 5!
You feel stronger.
* * * LOW HITPOINT WARNING * * *
You feel very sick.
There is an open translucent door here.
Things that are here:
a +2 quarterstaff of chaos; a +0 cloak
m - a +0 cloak You feel a strong urge to attack something.
* * * LOW HITPOINT WARNING * * *
You feel very sick.
You are too berserk!
You are too berserk!
* * * LOW HITPOINT WARNING * * *
You feel very sick.
You feel your anger nearly subside.
You are no longer berserk.
You are exhausted.
You feel yourself slow down.
* * * LOW HITPOINT WARNING * * *
You feel sick.
There is an open translucent door here.
You see here a +2 quarterstaff of chaos.
Keep equipping yourself? [Y]es or [N]o only, please.
Keep equipping yourself?
* * * LOW HITPOINT WARNING * * *
You feel very sick.
You start putting on your armour.
You continue putting on your +0 cloak.
* * * LOW HITPOINT WARNING * * *
You feel very sick.
You continue putting on your +0 cloak.
You die...

######.# #.#
#.).........#
#.# #.#
#..)..#####.#
### ###
##......###.#
#....#.##...
#####
#)..##.##..#
#..)#
#..........#
#...#
##.###.##.##
#...# #.#
#...... #@#
#.# #..#.#.
♣♣.♣ ##.#
#..>... ♣.♣♣
#..# #..#.#.
♣♣.♣
#.####......
♣.♣♣
#.#....##.##
#### ♣♣.♣♣
#.#.#####.#
#..# ♣...♣♣
#.......#.##
#.## ♣P..P♣
#.......#...
#.# #....#
#.#.##..####


There were no monsters in sight!

Vanquished Creatures
  Crazy Yiuf (D:3)
  Robin (D:3)
  2 dart slugs
  An orc (D:3)
  5 ball pythons
  7 endoplasms
  4 giant cockroaches
  13 goblins
  7 hobgoblins
  7 jackals
  3 kobolds
  3 quokkas (D:3)
  5 bats
  4 frilled lizards
  9 rats
72 creatures vanquished.

Vanquished Creatures (others)
  A fungus (D:3)
1 creature vanquished.

Grand Total: 73 creatures vanquished

Notes
Turn   | Place    | Note
-------+----------+-------------------------------------------
     0 | D:1      | p00ps00p the Hill Orc Fighter began the quest for the Orb.
     0 | D:1      | Reached XP level 1. HP: 19/19 MP: 1/1
   106 | D:1      | Reached XP level 2. HP: 17/27 MP: 2/2
   475 | D:1      | Reached XP level 3. HP: 33/33 MP: 3/3
  1060 | D:2      | Found Giagacun's Weapon Boutique.
  1468 | D:2      | Identified the +8 dagger of the Coin {flame, rPois MP+9
                  | Str+3}
  1519 | D:2      | Found a white marble altar of Elyvilon.
  1606 | D:3      | Reached XP level 4. HP: 37/40 MP: 4/4
  1694 | D:3      | Noticed Robin
  1708 | D:3      | Killed Robin
  1834 | D:3      | Found a runed translucent door.
  1835 | D:3      | Noticed Crazy Yiuf
  1945 | D:3      | Found Zutot's Book Emporium.
  2165 | D:3      | Found a faded altar of an unknown god.
  2240 | D:3      | Killed Crazy Yiuf
  2241 | D:3      | Reached XP level 5. HP: 24/47 MP: 5/5
  2246 | D:3      | HP: 1/47 [poisoned by Crazy Yiuf]
  2247 | D:3      | Succumbed to Crazy Yiuf's poison

Illustrated notes

Levels and vault maps discovered:
D:1:      reono_arrival_mine, layout_basic
D:2:      layout_rooms, serial_shops, nicolae_shop_crystal, basic_altar
D:3:      layout_loops_ring, ebering_ecumenical_altar_webs, serial_shops,
          nicolae_square_shop, minmay_fountain_box, uniq_robin,
          uniq_crazy_yiuf_cottage

Skill      XL: |  1  2  3  4 |
---------------+-------------+-----
Axes           | 3 4 |  4.0
Fighting       | 4 |  4.6
Shields        | 4 |  4.2
Armour         | 4 |  4.1

Action                   |  1- 3 |  4- 6 || total
-------------------------+-------+-------++-------
Melee: War axe           |   107 |    47 ||   154
  Use: Scroll            |    11 |       ||    11
Armor: Scale mail        |    59 |    30 ||    89
Dodge: Dodged            |    61 |    27 ||    88
Block: Buckler           |    29 |    12 ||    41

Table legend: (Time is in decaauts)
 A = Elapsed time spent in this place.
 B = Non-inter-level travel time spent in this place.
 C = Inter-level travel time spent in this place.
 D = Time resting spent in this place.
 E = Time spent auto-exploring this place.
 F = Levels seen in this place.
 G = Mean time per level.
                   A        B        C        D        E       F      G
               +--------+--------+--------+--------+--------+-----+--------+
         Total |   2299 |   2174 |    125 |      0 |   1735 |   3 |  766.3 |
       Dungeon |   2299 |   2174 |    125 |      0 |   1735 |   3 |  766.3 |
               +--------+--------+--------+--------+--------+-----+--------+

Top non-repeatable levels by time:
     D:1: 1075 daAuts
     D:3: 696 daAuts
     D:2: 527 daAuts
